 Dungeon Crawl Stone Soup version 0.20-a0-893-g832831a (console) character file.

4727 nht the Grappler (level 10, -8/88 HPs)
             Began as a Troll Fighter on Mar 17, 2017.
             Was a Priest of Wu Jian.
             Mangled by a hornet (9 damage)
             ... on level 8 of the Dungeon.
             The game lasted 00:14:07 (7421 turns).

nht the Grappler (Troll Fighter)                    Turns: 7421, Time: 00:14:08

Health: -8/88      AC:  6    Str: 32    XL:     10   Next: 22%
Magic:  0/9        EV: 10    Int:  5    God:    Wu Jian [***...]
Gold:   573        SH: 12    Dex:  9    Spells: 6/9 levels left

rFire    . . .     SeeInvis .     - Unarmed
rCold    . . .     Gourm    +   a - +0 robe
rNeg     . . .     Faith    .   b - +1 shield
rPois    .         Spirit   +   (helmet restricted)
rElec    +         Reflect  .   v - +0 cloak
rCorr    .         Harm     .   (gloves unavailable)
MR       .....                  (boots unavailable)
Stlth    +.........             l - amulet of Waequkh {Spirit rElec Str+4}
Regen    0.7/turn               m - ring of wizardry
MPRegen  0.2/turn               y - ring of wizardry

@: slowed, very slow
A: unfitting armour, claws 3, fast metabolism 3, gourmand, regeneration 1,
shaggy fur 1, tough skin 2
a: Renounce Religion


You were on level 8 of the Dungeon.
You worshipped Wu Jian.
Wu Jian was most pleased with you.
You were completely stuffed.

You visited 2 branches of the dungeon, and saw 9 of its levels.
You also visited: Bailey.

You collected 573 gold pieces.

Inventory:

Hand Weapons
 q - a +1 blowgun
Missiles
 p - 11 poisoned needles
 w - 8 tomahawks (quivered)
 D - 2 throwing nets
 L - 17 javelins of returning
Armour
 a - a +0 robe (worn)
 b - a +1 shield (worn)
 v - a +0 cloak (worn)
Jewellery
 l - the amulet of Waequkh (around neck) {Spirit rElec Str+4}
   (You found it on level 6 of the Dungeon)

   [amulet of guardian spirit]

   It causes incoming damage to be split between your health and magic.
   It affects your strength (+4).
   It insulates you from electricity.
 m - a ring of wizardry (right claw)
 y - a ring of wizardry (left claw)
Wands
 k - a wand of confusion (22/48)
 n - a wand of acid (8/15)
 o - a wand of clouds (3/9)
 H - a wand of digging (20/24)
Scrolls
 f - 4 scrolls of teleportation
 g - 3 scrolls of identify
 i - 2 scrolls of remove curse
 r - 5 scrolls of amnesia
 t - a scroll of enchant armour
 u - 3 scrolls of enchant weapon
 J - 2 scrolls of holy word
Potions
 c - a potion of might
 e - a potion of lignification
 h - 6 potions of heal wounds
 s - a potion of magic
 x - a potion of haste {unknown}
 z - a potion of mutation
 I - a potion of flight {unknown}
Books
 B - a book of Debilitation

   Spells                             Type                      Level
   a - Corona                         Hexes                        1
   b - Slow                           Hexes                        2
   c - Inner Flame                    Hexes/Fire                   3
   d - Portal Projectile              Hexes/Translocation          3
   e - Cause Fear                     Hexes                        4
   f - Leda's Liquefaction            Hexes/Earth                  4
 F - a book of Changes

   Spells                             Type                      Level
   a - Beastly Appendage              Transmutation                1
   b - Sticks to Snakes               Transmutation                2
   c - Spider Form                    Transmutation/Poison         3
   d - Ice Form                       Ice/Transmutation            4
   e - Blade Hands                    Transmutation                5
 G - a book of Maledictions

   Spells                             Type                      Level
   a - Corona                         Hexes                        1
   b - Ensorcelled Hibernation        Hexes/Ice                    2
   c - Confuse                        Hexes                        3
   d - Tukima's Dance                 Hexes                        3
   e - Dazzling Spray                 Conjuration/Hexes            3
 K - a book of Flames

   Spells                             Type                      Level
   a - Flame Tongue                   Conjuration/Fire             1
   b - Throw Flame                    Conjuration/Fire             2
   c - Conjure Flame                  Conjuration/Fire             3
   d - Inner Flame                    Hexes/Fire                   3
   e - Sticky Flame                   Conjuration/Fire             4
   f - Fireball                       Conjuration/Fire             5
Comestibles
 d - 6 bread rations
 j - 4 royal jellies
 A - a meat ration


   Skills:
 - Level 2.4 Fighting
 - Level 2.4 Dodging
 + Level 7.5 Shields
 * Level 12.3 Unarmed Combat


You had 6 spell levels left.
You knew the following spells:

 Your Spells              Type           Power        Failure   Level  Hunger
a - Spider Form           Tmut/Pois      #.........   75%         3    ####...


Dungeon Overview and Level Annotations

Branches:
Dungeon (8/15)             Temple (1/1) D:4
   Lair: D:8-11

Altars:
Ashenzari
Cheibriados
Dithmenos
Elyvilon
Fedhas
Gozag
Hepliaklqana
Kikubaaqudgha
Makhleb
Nemelex Xobeh
Okawaru
Qazlal
Ru
Sif Muna
Trog
Uskayaw
Vehumet
Wu Jian
Xom
Yredelemnul
Zin
The Shining One


Innate Abilities, Weirdness & Mutations

You are too large for most types of armour.
You have claws for hands.
Your metabolism is lightning-fast.
You like to eat raw meat.
Your natural rate of healing is unusually fast.
You are covered in fur. (AC +1)
You have very tough skin. (AC +2)


Message History

The hornet is almost dead.
You feel very sick. The hornet stings you!
* * * LOW HITPOINT WARNING * * *
You feel as though you will be slow longer.
You block the hornet's attack.
You barely miss the hornet.
The hornet is almost dead.
* * * LOW HITPOINT WARNING * * *
You feel sick. The hornet stings you.
* * * LOW HITPOINT WARNING * * *
You are more poisoned.
You feel as though you will be slow longer.
Evoke which item? (* to show all) (? for menu, Esc to quit)
Okay, then.
You feel better. The hornet stings you!
* * * LOW HITPOINT WARNING * * *
You feel as though you will be slow longer.
You block the hornet's attack. The hornet stings you!
You die... █..... █.████ █.█ █.█ ████

███ █.█ █.█.█
█.█████.██.█
█.█.██.......██.█
█y█...████████.█
█@██.█ █.█ ████.█
█<█ ████..█
█.████ █.....█
█..... █.██.██
█.████ █.██.█ █.█
█. █.██.█ █.███.
█.██.█ █.....
█.█████[██.█
█....)


You could see a hornet.

Vanquished Creatures
  Joseph (D:7)
  A hungry ghost (D:8)
  A water moccasin (Bailey)
  11 orc warriors
  2 ice beasts
  2 sky beasts (D:5)
  An ogre (D:7)
  A phantom (D:6)
  2 black bears
  11 centaurs
  A big kobold (D:7)
  A bullfrog (D:8)
  2 gnoll sergeants
  3 scorpions
  2 howler monkeys (D:7)
  2 crimson imps
  A quasit (D:5)
  A bullfrog zombie (D:5)
  4 hounds
  A jelly (D:7)
  An orc priest (D:7)
  4 orc wizards
  An iguana (D:4)
  2 worker ants (D:8)
  2 hound zombies
  A worker ant zombie (D:6)
  17 gnolls
  A howler monkey skeleton (D:4)
  13 adders
  2 shadow imps
  2 oozes
  An adder skeleton (D:5)
  A worm (D:3)
  A dart slug (D:1)
  7 leopard geckos
  61 orcs
  A ball python (D:3)
  6 giant cockroaches
  14 goblins
  8 hobgoblins
  2 jackals (D:3)
  24 kobolds
  2 quokkas
  8 bats
  8 frilled lizards
  2 leopard gecko skeletons
  2 quokka skeletons
  9 rats
254 creatures vanquished.

Notes
Turn   | Place    | Note
-------+----------+-------------------------------------------
     0 | D:1      | nht the Troll Fighter began the quest for the Orb.
     0 | D:1      | Reached XP level 1. HP: 22/22 MP: 0/0
   142 | D:1      | Reached XP level 2. HP: 25/29 MP: 1/1
   350 | D:1      | Reached skill level 3 in Unarmed Combat
   566 | D:1      | Reached XP level 3. HP: 36/36 MP: 2/2
  1132 | D:2      | Reached XP level 4. HP: 42/44 MP: 3/3
  1369 | D:2      | Reached skill level 4 in Unarmed Combat
  1881 | D:3      | Reached XP level 5. HP: 46/50 MP: 4/4
  2318 | D:3      | Found a deep blue altar of Sif Muna.
  2543 | D:4      | Reached skill level 5 in Unarmed Combat
  2595 | D:4      | Found a staircase to the Ecumenical Temple.
  2612 | Temple   | Entered the Ecumenical Temple
  2950 | D:4      | Reached XP level 6. HP: 55/59 MP: 5/5
  3568 | D:4      | Found an ancient bone altar of Kikubaaqudgha.
  3646 | D:5      | Entered Level 5 of the Dungeon
  3766 | D:5      | Reached skill level 6 in Unarmed Combat
  3781 | D:5      | Noticed a sky beast
  3788 | D:5      | Killed a sky beast
  3839 | D:5      | Noticed a sky beast
  3849 | D:5      | Reached XP level 7. HP: 58/66 MP: 6/6
  3861 | D:5      | Reached skill level 7 in Unarmed Combat
  4132 | D:6      | Reached skill level 5 in Shields
  4132 | D:6      | Reached skill level 8 in Unarmed Combat
  4132 | D:6      | Reached XP level 8. HP: 60/74 MP: 7/7
  4294 | D:6      | Found an ornate altar of the Wu Jian Council.
  4321 | D:6      | Became a worshipper of the Wu Jian Council
  4341 | D:6      | Found a glowing silver altar of Zin.
  4419 | D:6      | Found a blossoming altar of Fedhas.
  4468 | D:6      | Reached skill level 9 in Unarmed Combat
  4497 | D:6      | Found a sacrificial altar of Ru.
  4788 | D:6      | Found a glowing silver altar of Zin.
  4789 | D:6      | Noticed an angel
  4863 | D:6      | Got a scorched crystal amulet
  4917 | D:6      | Identified the amulet of Waequkh {Spirit rElec Str+4} (You found it on level 6 of the Dungeon)
  4921 | D:7      | Noticed Joseph
  5085 | D:7      | Reached * piety under Wu Jian
  5098 | D:7      | Killed Joseph
  5098 | D:7      | Reached skill level 10 in Unarmed Combat
  5098 | D:7      | Reached XP level 9. HP: 80/80 MP: 5/8
  5175 | D:7      | Found a flagged portal.
  5181 | D:7      | Got a fine spear
  5192 | Bailey   | Entered a bailey
  5546 | Bailey   | Reached ** piety under Wu Jian
  5669 | Bailey   | Reached skill level 11 in Unarmed Combat
  6284 | Bailey   | Learned a level 3 spell: Spider Form
  6311 | Bailey   | Got an ivory mace
  6430 | D:7      | Identified the cursed +2 spear "Gooroera" {venom, Str+4 Int-4 Dex+4} (You found it on level 7 of the Dungeon)
  6432 | D:7      | Identified the +5 mace of the Mushroom {flame, rF+ MR+} (You found it in a bailey)
  6459 | D:7      | Found a radiant altar of Vehumet.
  6569 | D:7      | Reached XP level 10. HP: 88/88 MP: 9/9
  6580 | D:7      | Found a snail-covered altar of Cheibriados.
  6604 | D:7      | Reached skill level 12 in Unarmed Combat
  6618 | D:7      | Found a deep blue altar of Sif Muna.
  6626 | D:7      | Found a white marble altar of Elyvilon.
  6629 | D:7      | Found a bloodstained altar of Trog.
  7077 | D:8      | Found a hazy altar of Hepliaklqana.
  7185 | D:8      | Reached *** piety under Wu Jian
  7421 | D:8      | HP: 1/88 [hornet (12)]
  7421 | D:8      | Mangled by a hornet

Vault maps used:
D:1:      dpeg_arrival_snail
D:3:      cheibrodos_greedy_goblins, lemuel_blue_sif_altar
D:4:      lemuel_coloured_pillars_altar, minmay_temple_entry_glass, first_bread
D:6:      zin_angel, kennysheep_mini_moat, lemuel_crystal_altar, basic_altar,
          lemuel_tele_altar
D:7:      vehumet_crystals, grunt_temple_overflow_cloverleaf, enter_bailey_2,
          uniq_joseph
D:8:      lemuel_round_altar, hangedman_pestilent_swarm, minivault_26
Temple:   nicolae_temple_x_marks_the_god
Bailey:   bailey_polearm_flooded_kennysheep, bailey

Skill      XL: |  1  2  3  4  5  6  7  8  9 10 |
---------------+-------------------------------+-----
Unarmed Combat | 3 4 5 6 8 10 11 12 | 12.3
Shields        | 3 4 5 6 7 |  7.5
Fighting       | |  2.4
Dodging        | |  2.4

Action                   |  1- 3 |  4- 6 |  7- 9 | 10-12 || total
-------------------------+-------+-------+-------+-------++-------
Melee: Unarmed           |   128 |   188 |   307 |    93 ||   716
Throw: Tomahawk          |       |       |     2 |       ||     2
Evoke: Wand              |       |       |    33 |       ||    33
  Use: Potion            |       |     2 |     3 |     1 ||     6
       Scroll            |       |       |    14 |     8 ||    22
  Eat: Chunk             |    16 |    25 |    24 |    19 ||    84
Armor: Robe              |    47 |    44 |    64 |    13 ||   168
Dodge: Dodged            |    39 |    51 |   111 |    19 ||   220
Block: Shield            |    54 |    61 |   185 |    34 ||   334
